AoeStats
← EMPEROR98265292

Black Forest

510063123Analyzed
4v4 RM · 3d ago on Sep 29, 2026· 36m 6s· 8 players
Game mode
Random Map
Map size
Large (8 player)
Population
200
Speed
Normal
Resources
Standard
Victory
Conquest
Starting age
Dark Age
Ending age
Imperial Age
RankedLock teamsTeams togetherTeam positionsShared explorationLock speedFull tech treeHidden civsTurbo modeCheats
Victory
Defeat
🇹🇷 Lithuanians · Türkiye
1833
+7
1673
+13
🇮🇳 Khmer · India
1605
+15
🇮🇳 Danes · India
1524
+18
🇦🇺 Mapuche · Australia
1689
-18
🇦🇺 Saracens · Australia
1603
-13
🇳🇿 Bohemians · New Zealand
1546
-11
🇦🇺 Varangians · Australia
1542
-11
Sp Bro
1:18 Loom
12:30 Feudal Age
17:05 Castle Age
15:45 Double-Bit Axe
19:37 Forging
19:39 Bow Saw
22:08 Devotion
23:54 Iron Casting
26:09 Horse Collar
31:46 Imperial Age
31:32 Scale Barding Armor
ResonanceFreq
ImprovingYeti
1:10 Loom
12:17 Feudal Age
12:18 Man-at-Arms
13:00 Double-Bit Axe
13:27 Horse Collar
17:27 Fletching
18:53 Padded Archer Armor
23:36 Castle Age
24:51 Fishing Lines
28:01 Bow Saw
27:32 Horse Collar
28:07 Gillnets
29:21 Wheelbarrow
32:31 Imperial Age
32:24 Chemistry
32:19 Scale Mail Armor
32:30 Forging
34:25 Siege Engineers
34:35 Pikeman
RogerRamjet
1:01 Loom
13:10 Feudal Age
17:03 Castle Age
15:08 Double-Bit Axe
15:04 Horse Collar
16:30 Fishing Lines
18:04 Bow Saw
19:06 Horse Collar
23:19 Forging
27:04 Iron Casting
27:05 Fletching
29:18 Wheelbarrow
30:25 Hand Cart
30:33 Town Watch
34:23 Imperial Age
31:50 Champi Runner
32:16 Arson
32:34 Gold Mining
32:45 Heavy Plow
32:49 Scale Mail Armor
33:05 Bodkin Arrow
Honda
10:54 Feudal Age
15:04 Castle Age
13:39 Double-Bit Axe
16:03 Bow Saw
18:39 Fishing Lines
19:42 Horse Collar
19:53 Gold Mining
21:41 Gillnets
23:12 Wheelbarrow
23:12 Loom
27:14 Heavy Plow
29:37 Hand Cart
EMPEROR98265292
0:49 Loom
12:29 Feudal Age
12:37 Man-at-Arms
15:50 Arson
23:07 Fishing Lines
26:07 Double-Bit Axe
29:42 Castle Age
28:27 Gold Mining
28:20 Horse Collar
35:22 Imperial Age
33:40 Hamask
34:41 Scale Mail Armor
34:52 Forging
35:46 Chain Mail Armor
Thundernips, The Ultimate Gigolo
0:58 Loom
13:07 Feudal Age
13:50 Double-Bit Axe
16:45 Castle Age
23:33 Imperial Age
25:23 Chemistry
25:04 Onager
26:51 Fervor
27:00 Block Printing
27:06 Sanctity
27:11 Illumination
27:21 Theocracy
27:41 Scale Mail Armor
28:07 Bow Saw
29:23 Wheelbarrow
29:11 Guilds
30:19 Two-Man Saw
28:51 Houfnice
30:27 Chain Mail Armor
30:32 Hand Cart
29:59 Horse Collar
30:18 Pikeman
30:59 Squires
31:17 Siege Engineers
32:05 Plate Mail Armor
31:08 Halberdier
31:48 Town Watch
32:30 Forging
33:32 Redemption
35:10 Iron Casting
ntn88
7:25 Loom
12:59 Feudal Age
16:05 Castle Age
13:55 Fishing Lines
14:19 Double-Bit Axe
17:19 Bow Saw
22:10 Ballistics
24:57 Gold Mining
27:45 Gold Shaft Mining
27:19 Gillnets
31:15 Imperial Age
32:44 Wheelbarrow
32:26 Heavy Scorpion
33:35 Capped Ram
36:14 Chemistry
35:44 Siege Ram
Connection lost

Rejoining the realm…

Still unreachable

The connection could not be restored.

Session expired

The server has moved on; the page needs a fresh start.